Map: Ulrena

Players

zidar - Winner!

  • Race: Zerg Zerg
  • League: Silver
  • Spawn Location: 7:00

Soulfly

  • Race: Protoss Protoss
  • League: Silver
  • Spawn Location: 11:00

VOD

Have the link to the VOD?

Description

Time

  • Played on: Jan. 11, 2016, 10:27 a.m.
  • Length: 26:25
Show
View Real Time Build Order
Export as new Build Order

zidar Zerg - Winner!

Build Orders: Pool First 

Get SALT Encoding   

  12  0:01  Drone  
  13  0:12  Overlord  
  13  0:17  Drone  
  14  0:30  Drone x2  
  14  0:34  Drone  
  17  0:47  Spawning Pool  
  16  0:50  Drone  
  17  1:17  Drone x2  
  19  1:34  Hatchery  
  19  1:35  Drone  
  19  1:45  Overlord, Extractor  
  18  1:48  Drone  
  19  2:03  Queen  
  21  2:17  Drone x3  
  24  2:39  Queen  
  26  2:46  Drone x3  
  29  2:51  Roach Warren  
  29  2:53  Extractor  
  29  2:55  Drone  
  27  3:32  Roach  
  27  3:33  Roach x3  
  35  3:35  Overlord  
  35  3:36  Overlord  
  35  3:54  Roach x4  
  43  3:58  Roach x2  
  43  4:01  Metabolic Boost  
  47  4:11  Roach  
  47  4:12  Roach  
  51  4:27  Overlord  
  51  4:28  Overlord x2  
  51  4:48  Ravager x2  
  51  4:49  Ravager  
  56  4:53  Roach x3  
  56  4:55  Zergling x12  
  66  5:25  Evolution Chamber  
  65  5:30  Roach  
  65  5:31  Roach x4  
  75  5:38  Overlord x2  
  75  5:53  Overlord x2  
  75  6:09  Zerg Ground Armor Level 1  
  75  6:14  Roach x3  
  81  6:47  Hatchery  
  80  7:01  Ravager x4  
  84  7:09  Roach x3  
  84  7:10  Zergling x2  
  84  7:11  Zergling x6  
  94  7:28  Drone x5  
  99  7:30  Drone  
  61  8:40  Roach x13  
  61  8:41  Roach x4  
  81  9:14  Lair  
  51  9:41  Spore Crawler  
  44  9:45  Spore Crawler  
  37  9:59  Roach  
  35  10:00  Roach x11  
  53  10:11  Overseer  
  53  10:33  Roach x7  
  67  11:10  Hydralisk Den  
  64  11:29  Ravager  
  64  11:30  Ravager x2  
  67  11:34  Ravager  
  68  11:41  Extractor  
  68  11:43  Extractor  
  66  11:54  Drone x10  
  76  12:12  Drone  
  76  12:13  Drone x16  
  93  12:27  Hatchery  
  89  12:38  Hydralisk x4  
  97  12:55  Lurker Den  
  97  12:57  Zerg Ground Armor Level 2  
  97  13:09  Evolution Chamber  
  96  13:14  Roach  
  96  13:15  Hydralisk  
  100  13:30  Overlord x3  
  100  13:38  Queen  
  102  13:44  Extractor  
  102  13:46  Extractor  
  100  13:53  Roach  
  100  13:54  Roach x3, Hydralisk  
  100  13:55  Hydralisk x2  
  114  14:04  Zerg Melee Weapons Level 1  
  114  14:23  Overlord x2  
  114  14:24  Overlord  
  114  14:27  Overseer  
  114  14:30  Roach  
  114  14:31  Roach x2, Hydralisk  
  122  14:49  Zergling x4  
  122  14:50  Zergling x34  
  123  15:51  Hydralisk  
  123  15:52  Hydralisk x2  
  129  16:41  Hatchery  
  126  16:51  Hatchery  
  125  16:59  Hatchery  
  124  17:01  Hydralisk  
  126  17:18  Lurker x2  
  126  17:19  Lurker x2  
  130  17:23  Overlord x4  
  130  17:51  Hydralisk x9  
  135  18:45  Zerg Melee Weapons Level 2  
  135  18:48  Zerg Missile Weapons Level 1  
  135  18:54  Infestation Pit  
  134  19:15  Extractor, Hatchery  
  132  19:18  Extractor  
  59  20:27  Roach  
  59  20:28  Roach x14  
  82  20:31  Queen  
  84  20:50  Muscular Augments  
  84  20:52  Hydralisk x3  
  84  20:53  Hydralisk x5  
  100  21:11  Roach  
  100  21:12  Roach x5, Hydralisk x2  
  116  21:26  Roach x5, Hydralisk  
  116  21:27  Hydralisk x2  
  132  21:41  Queen  
  134  21:53  Hive  
  134  21:58  Roach x11  
  134  21:59  Roach x3  
  163  22:01  Ravager x3  
  163  22:02  Ravager x3  
  168  22:09  Lurker  
  155  22:19  Overseer  
  155  22:21  Overseer  
  114  24:02  Hydralisk x9  
  116  24:04  Roach x3  
  138  24:10  Lurker  
Show
View Real Time Build Order
Export as new Build Order

Soulfly Protoss 

Build Orders:  

Get SALT Encoding   

  12  0:01  Probe (Chrono Boost)  
  13  0:11  Probe (Chrono Boost)  
  14  0:18  Pylon  
  14  0:24  Probe (Chrono Boost)  
  15  0:37  Probe (Chrono Boost)  
  16  0:44  Forge  
  16  0:47  Probe (Chrono Boost)  
  17  0:58  Probe (Chrono Boost)  
  17  1:01  Pylon  
  18  1:08  Probe (Chrono Boost)  
  18  1:10  Gateway  
  18  1:19  Probe (Chrono Boost)  
  19  1:29  Probe (Chrono Boost)  
  19  1:32  Pylon  
  20  1:36  Assimilator  
  21  1:40  Probe (Chrono Boost)  
  21  1:50  Probe (Chrono Boost)  
  22  1:58  Cybernetics Core  
  22  2:00  Zealot (Chrono Boost)  
  22  2:01  Probe (Chrono Boost)  
  25  2:13  Probe  
  26  2:32  Gateway  
  26  2:34  Gateway  
  26  2:36  Gateway  
  26  2:42  Warp Gate (Chrono Boost)  
  26  2:47  Assimilator  
  26  2:56  Pylon  
  26  3:12  Stalker (Chrono Boost)  
  28  3:29  Mothership Core  
  30  3:50  Nexus  
  30  3:52  Pylon  
  30  3:54  Pylon  
  30  3:57  Pylon  
  30  4:00  Probe  
  30  4:01  Stalker  
  30  4:02  Stalker  
  35  4:12  Probe  
  36  4:24  Probe  
  37  4:36  Probe  
  38  4:44  Stalker  
  40  4:48  Probe  
  41  5:00  Probe  
  41  5:04  Assimilator  
  41  5:05  Stalker x3  
  41  5:06  Assimilator  
  48  5:10  Stalker  
  48  5:11  Probe  
  48  5:12  Probe  
  52  5:25  Probe  
  52  5:26  Robotics Facility  
  52  5:28  Pylon  
  53  5:37  Probe  
  54  5:55  Probe  
  54  5:56  Probe  
  56  5:57  Sentry  
  56  5:58  Sentry x2  
  56  6:00  Stalker  
  64  6:05  Probe  
  64  6:08  Probe  
  66  6:12  Pylon  
  66  6:14  Pylon  
  66  6:16  Probe  
  66  6:17  Pylon  
  67  6:20  Probe  
  68  6:26  Probe  
  69  6:32  Probe  
  69  6:35  Stalker x2  
  69  6:36  Stalker x2  
  69  6:38  Probe  
  79  6:50  Protoss Ground Weapons Level 1 (Chrono Boost)  
  79  7:06  Twilight Council  
  79  7:08  Sentry  
  79  7:09  Zealot  
  79  7:10  Zealot x2  
  87  7:23  Gateway  
  87  7:24  Gateway  
  87  7:25  Photon Cannon  
  87  7:26  Gateway  
  87  7:29  Photon Cannon  
  87  7:41  Probe x2  
  89  7:52  Dark Shrine  
  89  7:53  Probe  
  78  8:06  Zealot x4  
  60  8:27  Zealot x2  
  60  8:28  Zealot x2  
  49  8:48  Zealot x4  
  43  9:09  Dark Templar x3  
  46  9:10  Dark Templar  
  38  9:50  Sentry  
  40  10:21  Stalker x3  
  46  10:22  Stalker  
  46  10:25  Stalker x2  
  52  10:38  Probe  
  52  10:39  Probe  
  54  10:44  Pylon  
  54  10:46  Pylon  
  54  10:49  Pylon  
  48  10:52  Probe  
  48  10:56  Zealot x2  
  51  10:58  Zealot x3  
  51  10:59  Zealot  
  51  11:00  Zealot  
  61  11:09  Photon Cannon  
  61  11:10  Pylon  
  61  11:18  Probe  
  61  11:21  Sentry x4  
  70  11:43  Pylon  
  70  11:44  Probe  
  70  11:45  Probe  
  72  11:54  Probe  
  72  11:56  Twilight Council  
  72  11:57  Probe  
  74  12:15  Stalker x5  
  81  12:16  Stalker  
  81  12:17  Stalker  
  87  12:44  Nexus  
  87  12:46  Pylon  
  87  12:51  Pylon  
  87  12:55  Sentry x3  
  93  13:04  Charge (Chrono Boost)  
  93  13:07  Protoss Ground Armor Level 1 (Chrono Boost)  
  93  13:16  Sentry  
  93  13:17  Sentry  
  97  13:28  Immortal (Chrono Boost)  
  101  13:35  Probe  
  102  13:48  Probe  
  102  13:49  Probe  
  104  13:58  Stalker  
  104  13:59  Immortal  
  104  14:00  Probe  
  111  14:10  Probe  
  112  14:21  Probe  
  113  14:29  Stalker x4  
  121  14:31  Sentry, Probe  
  124  14:47  Pylon  
  124  14:49  Assimilator  
  124  14:52  Assimilator  
  120  15:32  Stalker x2  
  120  15:33  Stalker x3  
  128  15:43  Zealot x2  
  132  15:51  Gateway  
  132  15:54  Gateway  
  132  15:57  Gateway  
  132  16:05  Zealot x6  
  132  16:06  Zealot  
  146  16:25  Dark Shrine  
  145  16:51  Pylon  
  145  16:52  Pylon  
  145  16:55  Pylon  
  145  17:11  Stalker  
  145  17:12  Stalker  
  149  17:20  Protoss Ground Armor Level 2 (Chrono Boost)  
  149  17:21  Blink (Chrono Boost)  
  149  17:28  Nexus  
  149  17:30  Pylon  
  149  17:31  Pylon  
  149  17:33  Pylon  
  149  17:44  Sentry  
  149  17:45  Sentry x5  
  149  17:46  Sentry  
  161  18:27  Zealot  
  161  18:28  Zealot x5  
  161  18:29  Zealot  
  173  18:41  Dark Templar x2  
  173  18:47  Probe  
  178  18:58  Probe  
  179  19:08  Probe, Dark Templar x3  
  185  19:12  Dark Templar  
  188  19:19  Probe  
  189  19:25  Probe  
  189  19:26  Probe x2  
  189  19:29  Probe  
  188  19:38  Probe  
  188  19:44  Zealot x4  
  196  19:45  Zealot  
  196  19:48  Sentry  
  172  20:13  Dark Templar x6  
  94  20:32  Templar Archives  
  94  20:34  Stalker  
  94  20:35  Stalker x2  
  78  20:52  Observer (Chrono Boost)  
  78  20:54  Stalker  
  78  20:55  Stalker x3  
  78  20:56  Dark Templar  
  89  20:57  Dark Templar x2  
  89  20:59  Dark Templar  
  95  21:13  Observer (Chrono Boost)  
  96  21:22  Assimilator, Zealot x3  
  96  21:23  Zealot x2  
  96  21:24  Assimilator  
  106  21:31  Observer (Chrono Boost)  
  107  21:33  Zealot x2  
  107  21:34  Zealot x2  
  115  21:56  Zealot x4  
  115  21:57  Zealot, Stalker x2  
  127  22:19  Zealot  
  127  22:20  Zealot x7  
  127  22:21  Zealot  
  145  22:43  High Templar x2  
  145  22:44  High Templar x3  
  154  23:03  Stalker x3  
  146  23:07  Archon  
  146  23:08  Archon  
  146  23:10  Archon  
  146  23:14  Zealot  
  146  23:16  Zealot x5  
  136  23:34  Zealot x3  
  136  23:35  Zealot  
  136  23:36  Zealot x3  
  136  23:37  Zealot x2  
  64  24:03  Stalker x4  
  64  24:04  Stalker x3  
  64  24:07  Sentry x2  
  77  24:36  Stalker x3  
  77  24:37  Stalker x2  
  77  24:38  High Templar x2  
  87  24:52  Archon  
  87  25:03  Stalker x5  
  87  25:04  Stalker  
  87  25:34  Stalker x3  
  87  25:35  Stalker  
  89  25:59  Observer (Chrono Boost)  
Tags
 
Matchup
PvZ
Opening
Pool First
Spawn Locations
Close Positions
Add a new tag
Caveats
  • Supply blocks, unpowered buildings, or Contaminate may cause inaccurate times.
  • Supply counts are checked every 10 seconds.